 Dungeon Crawl Stone Soup version 0.31.0-9-g3a7656b989 (webtiles) character file.

Game seed: 8268051057384468969

179 H0rd4k the Trooper (level 5, -3/44 HPs)
             Began as a Human Artificer on Feb 2, 2024.
             Incinerated by a bombardier beetle (6 damage)
             ... with a burning spray
             ... on level 3 of the Dungeon.
             The game lasted 00:03:16 (2543 turns).

H0rd4k the Trooper (Human Artificer)                Turns: 2543, Time: 00:03:16

Health: -3/44      AC:  4    Str: 12    XL:     5   Next: 59%
Magic:  5/5        EV: 11    Int: 13    God:
Gold:   67         SH:  0    Dex: 14    Spells: 4/4 levels left

rFire   x . .        p - +0 mace
rCold   + . .        (no shield)
rNeg    . . .        b - +0 leather armour
rPois   .            (no helmet)
rElec   .            i - +0 cloak
rCorr   .            (no gloves)
SInv    .            (no boots)
Will    .....        (no amulet)
Stlth   +            m - ring of ice
HPRegen 0.27/turn    (no ring)
MPRegen 0.09/turn

%: no passive effects
@: on fire, attractive, glowing
A: explore regen
a: no special abilities


You were on level 3 of the Dungeon.
You visited 1 branch of the dungeon, and saw 3 of its levels.

You collected 67 gold pieces.

Inventory:

Hand Weapons
 p - a +0 mace (weapon)
Missiles
 s - 6 poisoned darts
Armour
 b - a +0 leather armour (worn)
 i - a +0 cloak (worn)
Jewellery
 m - a ring of ice (left hand)
Wands
 c - a wand of flame (8) (quivered)
 d - a wand of charming (14)
 e - a wand of iceblast (5)
Scrolls
 a - a scroll of poison {unknown}
 h - a scroll of identify {unknown}
 j - 3 scrolls of amnesia {unknown}
 n - a scroll of teleportation {unknown}
Potions
 f - a potion of might {unknown}
 g - 2 potions of attraction
 k - 2 potions of curing {unknown}
 l - a potion of resistance {unknown}
 o - a potion of heal wounds {unknown}
 q - a potion of invisibility {unknown}
 r - a potion of berserk rage {unknown}


   Skills:
 + Level 5.3 Fighting
 - Level 2.0 Armour
 - Level 1.0 Dodging
 - Level 1.0 Stealth
 - Level 3.0 Evocations


You had 4 spell levels left.
You didn't know any spells.
Your spell library was empty.

Dungeon Overview and Level Annotations

Branches:
Dungeon (3/15)

Altars:

Annotations:
D:3 1 runed translucent door, Crazy Yiuf


Innate Abilities, Weirdness & Mutations

You regain HP and MP as you explore.


Message History

You are even more covered in liquid fire!
You are on fire!
You closely miss the bombardier beetle.
The bombardier beetle is lightly wounded.
The liquid fire burns you! The bombardier beetle bites you.
You hit the bombardier beetle but do no damage.
The bombardier beetle is lightly wounded.
The liquid fire burns you!
The bombardier beetle barely misses you.
Aiming: Throw Flame
Press: ? - help, Shift-Dir - straight line, f - bombardier beetle
Aim: a bombardier beetle (lightly wounded, 83% to hit)
The puff of flame hits the bombardier beetle.
The bombardier beetle is heavily wounded.
The liquid fire burns you!
* * * LOW HITPOINT WARNING * * *
The bombardier beetle sprays incendiary fluid at you.
The burning spray hits you.
You are even more covered in liquid fire!
Aiming: Throw Flame
Press: ? - help, Shift-Dir - straight line, f/p - bombardier beetle
Aim: a bombardier beetle (heavily wounded, 83% to hit)
The puff of flame hits the bombardier beetle.
The bombardier beetle is almost dead.
The liquid fire burns you!
* * * LOW HITPOINT WARNING * * *
Unknown command.
Aiming: Throw Flame
Press: ? - help, Shift-Dir - straight line, f/p - bombardier beetle
Aim: a bombardier beetle (almost dead, 83% to hit)
The puff of flame hits the bombardier beetle.
You kill the bombardier beetle!
The liquid fire burns you!
* * * LOW HITPOINT WARNING * * *
You are on fire!
It was a potion of attraction.
You feel attractive to monsters. The liquid fire burns you!
You die...

....# #... ... #... #.#
...####... ###.#####
#........ ### #.......###
.#########..
..###.#..##...###
.....#####<.
..##....#####...#
#.....#.#
#.........#####.#######
#####...#
#...#####.......@†....#
######..# ..#.#
#######..####............
..#.# ##.. . #######..#
#...# #### . ##...#.<#
##..##### #.##.......#
##...)..# #.#......>.#
)..####.......
###..........#
##############
............##
##..........#
#.........##


There were no monsters in sight!

Vanquished Creatures
  A bombardier beetle (D:3)
  8 adders
  A ribbon worm (D:2)
  3 dart slugs (D:1)
  An orc (D:3)
  9 ball pythons
  3 endoplasms
  2 giant cockroaches
  7 goblins
  4 hobgoblins
  5 jackals
  5 kobolds
  5 quokkas
  5 bats
  3 rats
62 creatures vanquished.

Vanquished Creatures (collateral kills)
  An endoplasm (D:1)
  A hobgoblin (D:1)
2 creatures vanquished.

Vanquished Creatures (others)
  A kobold (D:1)
1 creature vanquished.

Grand Total: 65 creatures vanquished

Notes
Turn   | Place    | Note
-------+----------+-------------------------------------------
     0 | D:1      | H0rd4k the Human Artificer began the quest for the Orb.
     0 | D:1      | Reached XP level 1. HP: 15/15 MP: 1/1
   131 | D:1      | Reached skill level 2 in Fighting
   131 | D:1      | Reached XP level 2. HP: 21/22 MP: 2/2
   379 | D:1      | HP: 1/23 [kobold/+0 whip (2)]
   698 | D:1      | Reached XP level 3. HP: 28/28 MP: 3/3
   781 | D:1      | Reached skill level 3 in Fighting
  1465 | D:2      | Reached XP level 4. HP: 34/37 MP: 4/4
  1730 | D:2      | Reached skill level 4 in Fighting
  1875 | D:2      | Reached XP level 5. HP: 36/43 MP: 5/5
  2447 | D:3      | Found a runed translucent door.
  2448 | D:3      | Noticed Crazy Yiuf
  2500 | D:3      | Reached skill level 5 in Fighting
  2543 | D:3      | Incinerated by a bombardier beetle

Illustrated notes

Levels and vault maps discovered:
D:1:      dpeg_arrival_morbid_curiosity, layout_basic, kennysheep_small_spiral
D:2:      kb_forest_paths, layout_loops_corners, st_stairs_14,
          minmay_snake_closets
D:3:      minmay_chambers_of_threes, layout_rooms,
          nicolae_overflow_hidden_temple, st_stairs_5, nicolae_titane,
          uniq_crazy_yiuf_cottage

Skill      XL: |  1  2  3  4  5 |
---------------+----------------+-----
Fighting       | 2 3 4 5 |  5.3
Armour         | |  2.0
Dodging        | |  1.0
Stealth        | |  1.0
Evocations     | |  3.0

Action                     |  1- 3 |  4- 6 || total
---------------------------+-------+-------++-------
  Melee: Club              |   102 |       ||   102
         Punch             |     1 |     1 ||     2
         Mace              |    50 |    93 ||   143
  Evoke: Wand              |     1 |     7 ||     8
    Use: Potion            |       |     1 ||     1
   Stab: Sleeping          |     4 |     3 ||     7
         Distracted        |       |     1 ||     1
 Armour: Leather armour    |   130 |    77 ||   207
  Dodge: Dodged            |   129 |    63 ||   192
